AoeStats
← Loki_GT

Arena

509811898Analyzed
4v4 RM · 3d ago on Sep 28, 2026· 46m 22s· 8 players
Game mode
Random Map
Map size
Large (8 player)
Population
200
Speed
Normal
Resources
Standard
Victory
Conquest
Starting age
Dark Age
Ending age
Imperial Age
RankedLock teamsTeams togetherTeam positionsShared explorationLock speedFull tech treeHidden civsTurbo modeCheats
Victory
Defeat
🇨🇦 Goths · Canada
1233
+14
🇺🇸 Persians · United States
1226
+14
🇪🇸 Poles · Spain
1214
+14
🇲🇽 Danes · Mexico
1081
+19
🇲🇽 Malians · Mexico
1194
-16
🇮🇩 Persians · Indonesia
1184
-16
🇲🇽 Bohemians · Mexico
1174
-15
🇲🇽 Franks · Mexico
1149
-14
Dinospunker
7:48 Loom
9:57 Feudal Age
10:55 Double-Bit Axe
14:42 Fletching
26:03 Castle Age
24:25 Horse Collar
25:24 Scale Mail Armor
25:34 Forging
27:10 Bow Saw
27:38 Squires
27:15 Pikeman
36:57 Imperial Age
36:36 Bodkin Arrow
36:42 Padded Archer Armor
38:51 Chain Mail Armor
40:06 Wheelbarrow
40:15 Plate Mail Armor
41:37 Chemistry
JU ju Ju
10:48 Feudal Age
15:27 Castle Age
15:39 Double-Bit Axe
23:36 Bow Saw
24:43 Gold Mining
26:40 Stone Mining
27:10 Pikeman
30:53 Imperial Age
28:27 Squires
27:55 Pikeman
28:55 Forging
28:42 Horse Collar
30:15 Wheelbarrow
29:45 Scale Mail Armor
30:51 Iron Casting
32:36 Hand Cart
32:06 Loom
32:58 Chain Mail Armor
34:18 Conscription
Chelsea Smile
10:14 Feudal Age
13:37 Castle Age
12:20 Double-Bit Axe
12:16 Horse Collar
14:14 Bow Saw
20:18 Gold Mining
21:37 Wheelbarrow
21:07 Heavy Plow
25:09 Gold Shaft Mining
24:25 Stone Mining
25:40 Stone Mining
30:46 Stone Shaft Mining
34:20 Imperial Age
31:59 Scale Barding Armor
32:04 Forging
32:20 Forging
32:27 Hand Cart
32:45 Town Watch
34:06 Iron Casting
33:51 Chain Barding Armor
34:37 Husbandry
34:49 Bloodlines
34:01 Cavalier
34:07 Cavalier
34:59 Bloodlines
36:05 Crop Rotation
35:13 Light Cavalry
35:55 Town Patrol
36:57 Blast Furnace
36:32 Plate Barding Armor
36:19 Conscription
35:28 Savar
37:18 Two-Man Saw
36:05 Hussar
37:38 Fletching
39:11 Coinage
40:14 Bodkin Arrow
40:22 Murder Holes
40:47 Ballistics
40:38 Masonry
41:06 Hoardings
40:59 Loom
41:17 Scale Mail Armor
41:17 Padded Archer Armor
40:51 Sappers
41:10 Man-at-Arms
41:10 Pikeman
41:36 Gambesons
41:51 Squires
41:36 Arson
41:54 Kamandaran
42:27 Architecture
42:57 Chemistry
41:49 Guard Tower
42:09 Clinker Construction
42:51 Banking
42:31 Guilds
42:22 Caravan
41:44 Long Swordsman
42:56 Citadels
43:17 Chain Mail Armor
43:17 Leather Archer Armor
DevilRunner
10:23 Feudal Age
14:37 Castle Age
13:53 Double-Bit Axe
24:55 Loom
25:54 Wheelbarrow
30:28 Imperial Age
28:23 Scale Barding Armor
28:54 Husbandry
29:06 Forging
30:35 Cavalier
31:34 Gold Mining
32:56 Iron Casting
32:42 Chain Barding Armor
33:20 Paladin
36:04 Blast Furnace
dantealhz
1:02 Loom
11:23 Feudal Age
16:01 Castle Age
18:47 Wheelbarrow
17:53 Horse Collar
24:50 Heavy Plow
24:39 Double-Bit Axe
26:03 Gold Mining
26:46 Town Watch
27:36 Stone Mining
28:58 Stone Shaft Mining
29:03 Gold Shaft Mining
30:08 Hand Cart
31:09 Bow Saw
34:17 Imperial Age
34:32 Forging
34:22 Scale Mail Armor
36:09 Chemistry
35:15 Siege Engineers
35:59 Conscription
36:17 Hoardings
35:55 Town Patrol
36:52 Ballistics
36:29 Fletching
37:15 Iron Casting
36:56 Chain Mail Armor
37:13 Onager
38:35 Squires
38:21 Arson
39:46 Blast Furnace
39:16 Plate Mail Armor
39:08 Bodkin Arrow
40:08 Siege Onager
40:31 Hamask
42:53 Elite Jomsviking
43:36 Elite Varangian Guard
chillysloth
10:21 Feudal Age
14:18 Castle Age
12:23 Horse Collar
13:54 Double-Bit Axe
16:26 Heavy Plow
16:43 Bow Saw
20:32 Stone Mining
24:17 Heavy Plow
27:10 Wheelbarrow
30:58 Imperial Age
28:44 Hand Cart
28:15 Loom
28:36 Scale Barding Armor
28:42 Forging
28:32 Town Watch
30:12 Chain Barding Armor
30:06 Bloodlines
29:56 Husbandry
30:43 Iron Casting
31:56 Plate Barding Armor
30:51 Cavalier
33:27 Two-Man Saw
33:01 Crop Rotation
33:34 Blast Furnace
32:17 Savar
32:29 Savar
33:45 Conscription
34:54 Coinage
37:09 Guilds
38:17 Banking
Loki_GT
0:49 Loom
12:06 Feudal Age
15:51 Castle Age
14:09 Man-at-Arms
14:33 Horse Collar
15:09 Double-Bit Axe
22:26 Wheelbarrow
21:34 Pikeman
23:39 Scale Mail Armor
24:27 Bow Saw
25:04 Forging
25:07 Gold Mining
26:47 Hand Cart
30:25 Imperial Age
28:54 Chain Mail Armor
28:59 Anarchy
29:43 Iron Casting
32:12 Chemistry
32:14 Blast Furnace
31:36 Conscription
31:39 Heavy Plow
31:30 Halberdier
32:13 Squires
32:40 Long Swordsman
33:48 Elite Huskarl
36:19 Perfusion
CARANZA
6:36 Loom
9:05 Feudal Age
9:37 Double-Bit Axe
11:36 Fletching
13:52 Horse Collar
22:36 Castle Age
21:57 Gold Mining
23:56 Heavy Plow
26:23 Wheelbarrow
30:18 Bow Saw
35:45 Imperial Age
33:41 Crossbowman
35:05 Thumb Ring
35:02 Padded Archer Armor
35:54 Bodkin Arrow
36:15 Leather Archer Armor
36:12 Arbalester
37:41 Crop Rotation
37:32 Bracer
38:29 Light Cavalry
39:22 Bloodlines
39:13 Husbandry
39:53 Hand Cart
42:37 Winged Hussar
45:01 Forging
44:56 Scale Barding Armor
Connection lost

Rejoining the realm…

Still unreachable

The connection could not be restored.

Session expired

The server has moved on; the page needs a fresh start.